 Dungeon Crawl Stone Soup version 0.26-a0-812-g31a745ddcd (webtiles) character file.

Game seed: 8038719471864968315

485214 Borgoz the Executioner (level 24, 0/229 HPs)
             Began as a Hill Orc Fighter on Dec 8, 2020.
             Was the Champion of Okawaru.
             Splashed by an acid blob's acid (5 damage)
             ... on level 5 of the Lair of Beasts.
             The game lasted 01:48:25 (48915 turns).

Borgoz the Executioner (Hill Orc Fighter)          Turns: 48915, Time: 01:48:26

Health: 0/229      AC:  9    Str: 21      XL:     24   Next: 62%
Magic:  0/30       EV: 23    Int: 11      God:    Okawaru [******]
Gold:   473        SH:  0    Dex: 20 (21) Spells: 28/33 levels left

rFire    + + .     SeeInvis +   a - +2 executioner's axe (vamp)
rCold    + + .     Faith    .   (shield currently unavailable)
rNeg     . . .     Spirit   +   h - +10 plate armour of Upiaskoa {rElec Regen+}
rPois    +         Reflect  .   t - +2 helmet {SInv}
rElec    +         Harm     .   r - +0 cloak {rPois}
rCorr    +         Rampage  .   i - +3 pair of gloves of the Forest {rF+ Regen+ Dex+2}
MR       +++..                  U - +1 pair of boots "Romyhas" {rF+ rC++ Dex+2}
Stlth    ..........             O - amulet of guardian spirit
HPRegen  0.00/turn              S - ring of the Mage {Wiz MR++ Int+3}
MPRegen  0.22/turn              B - ring of resist corrosion

@: heroism, corroded
A: blurry vision 1, deterioration 1, screaming 1, inhibited regeneration, weak 1
}: 3/15 runes: decaying, silver, gossamer
a: Heroism, Finesse, Renounce Religion


You were on level 5 of the Lair of Beasts.
You worshipped Okawaru.
Okawaru was exalted by your worship.
You visited 10 branches of the dungeon, and saw 40 of its levels.
You visited the Abyss 2 times.
You visited 1 bazaar.
You also visited: Gauntlet and Ice Cave.

You collected 9347 gold pieces.
You spent 8874 gold pieces at shops.

Inventory:

Hand Weapons
 a - a +2 vampiric executioner's axe (weapon)
 b - a +6 battleaxe of flaming
Missiles
 w - 3 throwing nets (quivered)
Armour
 h - the +10 plate armour of Upiaskoa (worn) {rElec Regen+}
   (You bought it in a shop on level 11 of the Dungeon)

   It insulates you from electricity.
   It increases your rate of regeneration.
 i - the +3 pair of gloves of the Forest (worn) {rF+ Regen+ Dex+2}
   (You bought it in a shop on level 11 of the Dungeon)

   It affects your dexterity (+2).
   It protects you from fire.
   It increases your rate of regeneration.
 r - a +0 cloak of poison resistance (worn)
 t - a +2 helmet of see invisible (worn)
 N - a +0 cloak of cold resistance
 U - the +1 pair of boots "Romyhas" (worn) {rF+ rC++ Dex+2}
   (You bought it in a shop on level 5 of the Vaults)

   It affects your dexterity (+2).
   It protects you from fire.
   It greatly protects you from cold.
Jewellery
 c - an uncursed ring of see invisible
 v - a +4 ring of slaying
 B - a ring of resist corrosion (right hand)
 K - an uncursed ring of poison resistance
 O - an amulet of guardian spirit (around neck)
 R - the ring "Gexiloaf" {Ice +Blink +Fly Stlth+, unknown}
   (You found it on level 1 of the Depths)

   [ring of ice]

   It enhances your ice magic.
   It makes you vulnerable to fire.
   It protects you from cold.
   It lets you fly.
   It lets you blink.
   It makes you more stealthy.
 S - the ring of the Mage (left hand) {Wiz MR++ Int+3}
   (You bought it in a shop on level 5 of the Vaults)

   [ring of wizardry]

   It improves your spell success rate.
   It affects your intelligence (+3).
   It affects your resistance to hostile enchantments.
Wands
 d - a wand of paralysis (27)
 p - a wand of acid (22)
 y - a wand of disintegration (23)
 A - a wand of iceblast (32)
 E - a wand of polymorph (21)
 H - a wand of flame (72)
 P - a wand of digging (7)
Scrolls
 e - 24 scrolls of teleportation
 f - 9 scrolls of fog
 j - 3 scrolls of summoning
 k - 3 scrolls of magic mapping
 l - 12 scrolls of remove curse
 m - 6 scrolls of blinking
 s - 2 scrolls of fear
 I - a scroll of enchant weapon
 J - 12 scrolls of identify
 L - 2 scrolls of silence
 Q - 2 scrolls of holy word
Potions
 g - 9 potions of curing
 n - 2 potions of flight
 o - 5 potions of heal wounds
 q - 2 potions of resistance
 u - 8 potions of cancellation
 x - 4 potions of ambrosia
 z - 7 potions of haste
 C - 6 potions of lignification
 D - 3 potions of berserk rage
 F - a potion of invisibility
 G - 4 potions of mutation
 M - 4 potions of might


   Skills:
 + Level 21.6(26.6) Fighting
 + Level 23.0(27) Axes
 + Level 20.1(25.1) Armour
 * Level 19.5(24.5) Dodging
 - Level 5.0(10.0) Stealth
   Level 3.3(8.3) Shields
 - Level 5.0 Spellcasting
 - Level 5.0 Hexes
 - Level 5.0 Translocations
 - Level 10.0 Invocations
 - Level 5.0 Evocations


You had 28 spell levels left.
You knew the following spells:

 Your Spells              Type           Power        Failure   Level
a - Confusing Touch       Hex            ##......     16%         3
b - Blink                 Tloc           N/A          8%          2

Your spell library contained the following spells:

 Spells                   Type           Power        Failure   Level
 Corona                   Hex            ##.....      5%          1
 Slow                     Hex            ##......     8%          2
 Gell's Gravitas          Tloc           ##........   16%         3
 Portal Projectile        Hex/Tloc       ##....       16%         3
 Tukima's Dance           Hex            ##......     16%         3
 Ensorcelled Hibernation  Hex/Ice        #.....       21%         2
 Animate Skeleton         Necr           #.....       36%         1
 Foxfire                  Conj/Fire      #...         36%         1
 Magic Dart               Conj           #...         36%         1
 Pain                     Necr           #...         36%         1
 Shock                    Conj/Air       #...         36%         1
 Sting                    Tmut/Pois      #...         36%         1
 Dazzling Flash           Conj/Hex       #.....       38%         3
 Inner Flame              Hex/Fire       #.......     38%         3
 Cause Fear               Hex            ##........   43%         4
 Call Imp                 Summ           #.......     50%         2
 Passwall                 Tmut/Erth      #.......     50%         2
 Poisonous Vapours        Pois/Air       #.....       50%         2
 Searing Ray              Conj           #.....       50%         2
 Swiftness                Air            #.......     50%         2
 Conjure Flame            Conj/Fire      #.......     71%         3
 Ignite Poison            Fire/Tmut/Pois #.......     71%         3
 Mephitic Cloud           Conj/Pois/Air  #.......     71%         3
 Spider Form              Tmut/Pois      #.........   71%         3
 Static Discharge         Conj/Air       #.......     71%         3
 Vampiric Draining        Necr           #.........   71%         3
 Fulminant Prism          Conj/Hex       #.........   77%         4
 Iskenderun's Mystic Bla  Conj/Tloc      #.......     77%         4
 Airstrike                Air            #.........   98%         4
 Animate Dead             Necr           #.........   98%         4
 Olgreb's Toxic Radiance  Pois           #.......     98%         4
 Sticky Flame             Conj/Fire      #.......     98%         4
 Silence                  Hex/Air        #.........   98%         5
 Yara's Violent Unravell  Hex/Tmut       #.........   98%         5
 Dispersal                Tloc           ##........   99%         6
 Agony                    Necr           #.......     100%        5
 Bolt of Magma            Conj/Fire/Erth #.........   100%        5
 Fireball                 Conj/Fire      #.........   100%        5
 Iskenderun's Battlesphe  Conj           #.......     100%        5
 Lightning Bolt           Conj/Air       #.........   100%        5
 Iron Shot                Conj/Erth      #.........   100%        6
 Dragon Form              Tmut           #.........   100%        7
 Orb of Destruction       Conj           #.........   100%        7
 Spellforged Servitor     Conj/Summ      #.........   100%        7
 Discord                  Hex            ##........   100%        8
 Disjunction              Tloc           ##........   100%        8


Dungeon Overview and Level Annotations

Branches:
Dungeon (15/15)            Temple (1/1) D:7            Lair (6/6) D:8
  Swamp (4/4) Lair:4       Spider (4/4) Lair:2        Slime (1/5) Lair:5
    Orc (2/2) D:10            Elf (0/3) Orc:2        Vaults (5/5) D:14
  Crypt (1/3) Vaults:2     Depths (1/5) D:15          IceCv (visited)
Gauntlet (visited)

Altars:
Ashenzari
Cheibriados
Dithmenos
Elyvilon
Fedhas
Gozag
Hepliaklqana
Kikubaaqudgha
Makhleb
Nemelex Xobeh
Okawaru
Qazlal
Ru
Sif Muna
Trog
Uskayaw
Vehumet
Wu Jian
Xom
Yredelemnul
Zin
The Shining One

Shops:
D:11 [   Orc:1 *   Orc:2 *[?(!   Vaults:1 (   Vaults:2 [:!   Vaults:4 [[((
Vaults:5 [=!=?!

Portals:
Hell: Lair:6 Depths:1
Trove: D:12 (show abyssal rune of Zot)


Innate Abilities, Weirdness & Mutations

Scrolls take you a little longer to read.
Your body sometimes deteriorates upon taking damage.
You occasionally shout uncontrollably at your foes.
You do not regenerate when monsters are visible.
You are weak. (Str -2)


Message History

You climb upwards.
Welcome back to the Lair of Beasts!
There is a staircase to the Slime Pits here.
You slash the acid blob!
You kill the acid blob!
Okawaru accepts your kill.
You hit the slime creature. You hit the acid blob.
You feel better.
Your hands burn!
* * * LOW HITPOINT WARNING * * *
The slime creature hits you!
* * * LOW HITPOINT WARNING * * *
The acid blob hits you!!
* * * LOW HITPOINT WARNING * * *
Your body deteriorates!
You feel clumsy. The acid corrodes you!
You are splashed with acid.
You resist.
* * * LOW HITPOINT WARNING * * *
The acid blob spits acid at you. The splash of acid hits you. You resist.
* * * LOW HITPOINT WARNING * * *
The acid corrodes you!
You are splashed with acid.
You resist.
You die...

#..## ##.##..P..## #.#..... ##.#
#..........## ###..#+.. ##<#
###...........###........ ##..#
##..............#.........
.P.#####.......#.................
....#..##...#.....#..............
#..##.P..........................
...##P................[###.......
.......#...#..J>@..#..###.......:
...#####..[....J......#####.###..
P..# ##..............# ####...
#..# #.........#...## #### P..##
###......#.......# #...#
#..#.............#
P'P########............##########
......# #..#...........#.##P....
......####...##.........P........


You could see an acid blob and a slime creature.

Vanquished Creatures
  Bai Suzhen (Depths:1)
  A bone dragon (Abyss:5)
  Nikola (Depths:1)
  Rupert (Lair:6)
  Jorgrun (Swamp:2)
  3 liches
  7 tentacled monstrosities
  A quicksilver dragon (Vaults:5)
  4 acid blobs
  An ancient champion (Vaults:2)
  Frances (Swamp:1)
  2 tentacled starspawn (Abyss:5)
  4 titans (Vaults:5)
  5 sphinxes
  An Executioner (Abyss:5)
  A thorn hunter (Swamp:3)
  Agnes (Spider:1)
  6 tengu reavers (Vaults:5)
  3 storm dragons
  A shadow dragon (Vaults:5)
  Kirke (Swamp:3)
  A daeva (Abyss:5)
  4 fire giants
  3 azure jellies
  12 deep elf sorcerers
  19 vault wardens
  3 iron dragons (Vaults:5)
  4 frost giants
  A deep elf elementalist (Vaults:5)
  A ghoul (Vaults:5)
  2 ghost moths (Spider:4)
  12 emperor scorpions
  A curse skull (Crypt:1)
  19 ironheart preservers
  2 war gargoyles (Vaults:5)
  A reaper (IceCv)
  10 stone giants
  3 entropy weavers
  A draconian annihilator (Abyss:3)
  3 deep elf demonologists
  14 very ugly things
  Nessos (Lair:6)
  3 bunyips
  3 minotaurs
  A dire elephant (Lair:6)
  Azrael (Spider:1)
  2 spark wasps (Spider:3)
  3 deep elf annihilators
  2 deep elf death magi
  An eidolon (Abyss:3)
  5 ettins
  2 eleionomae (Swamp:2)
  A fire dragon (Depths:1)
  Snorg (Orc:1)
  2 death oozes (Depths:1)
  15 yaktaur captains
  13 ogre magi
  The ghost of kae the Zephyrmancer, a journeyman TeAE of Sif Muna (Lair:2)
  2 deep elf high priests (Vaults:5)
  3 great orbs of eyes
  Harold (D:11)
  6 boulder beetles
  The ghost of Vias the Reanimator, a journeyman DsWn of Ashenzari (Lair:3)
  A hell beast (Lair:6)
  27 vault guards
  18 hydras
  4 ice dragons
  5 rakshasas
  A boulder beetle (shapeshifter) (Vaults:4)
  10 centaur warriors
  Erica (D:9)
  42 two-headed ogres
  5 death knights
  2 catoblepae
  7 alligators
  A deep troll shaman (Vaults:2)
  2 vampire magi
  2 death scarabs (Gauntlet)
  A death yak (Lair:6)
  A hell hog (Abyss:5)
  7 thrashing horrors
  5 orc high priests
  A tengu warrior (D:13)
  8 spriggan berserkers
  A shock serpent (shapeshifter) (Vaults:1)
  3 goliath frogs
  A titan zombie (Abyss:3)
  A deep elf knight (Vaults:1)
  3 hell knights (Abyss:5)
  A fire crab (shapeshifter) (Vaults:1)
  2 spatial maelstroms (Abyss:5)
  2 skeletal warriors
  7 wretched stars
  6 unseen horrors
  8 deep trolls
  5 spriggan druids
  2 shadow wraiths (Vaults:5)
  The ghost of Joseph the Magician, a novice DrFE of Hepliaklqana (D:10)
  3 glowing orange brains
  10 swamp dragons
  A golden dragon zombie (Abyss:3)
  31 starcursed masses
  11 bog bodies
  A flayed ghost (Vaults:3)
  2 wizards
  An entropy weaver zombie (Vaults:1)
  An obsidian statue (D:10)
  Pikel (D:4)
  17 orc knights
  5 necromancers
  59 ugly things
  A mana viper (Abyss:5)
  17 orb spiders
  9 harpies
  19 ironbrand convokers
  5 phantasmal warriors
  A shining eye (Depths:1)
  2 will-o-the-wisps (Swamp:3)
  7 orc sorcerers
  19 deep elf magi
  4 oklob plants (Lair:6)
  8 cyclopes
  A manticore (D:11)
  29 wolf spiders
  3 moths of wrath
  2 worldbinders (Abyss:3)
  9 elephants
  20 large abominations
  20 vault sentinels
  An elephant (shapeshifter) (Vaults:5)
  An apocalypse crab (Abyss:5)
  2 centaur zombies
  Joseph (D:8)
  4 black mambas
  2 ice statues (IceCv)
  A torpor snail (Lair:6)
  2 rust devils (Abyss:3)
  Maurice (D:8)
  6 smoke demons
  3 orange demons
  A storm dragon simulacrum (Vaults:1)
  2 gargoyles
  A torpor snail (shapeshifter) (Vaults:5)
  17 cane toads
  2 kobold demonologists
  7 freezing wraiths
  6 komodo dragons
  A yaktaur zombie (Vaults:1)
  An efreet (D:13)
  A yaktaur (shapeshifter) (Vaults:4)
  3 rime drakes
  18 demonic crawlers
  3 catoblepas skeletons (Abyss:5)
  4 hellwings
  9 ice devils
  4 ancient zymes (Abyss:5)
  73 yaktaurs
  2 red devils (Lair:6)
  A tengu conjurer (D:13)
  A queen bee (shapeshifter) (Vaults:1)
  9 hornets
  36 jumping spiders
  3 polar bears
  9 tyrant leeches
  Prince Ribbit (D:8)
  5 trolls
  3 meliai (D:15)
  29 blink frogs
  18 raiju
  10 slime creatures
  A dream sheep (shapeshifter) (Vaults:2)
  6 dream sheep (Lair:5)
  A spectral black mamba (Gauntlet)
  2 air elementals (Abyss:5)
  A human simulacrum (Vaults:2)
  69 redbacks
  A redback (shapeshifter) (Vaults:5)
  A shadow (D:14)
  5 spriggans
  2 ynoxinuls
  5 water elementals
  24 tarantellas
  2 vampires
  5 wraiths
  10 wyverns
  2 basilisks (shapeshifter)
  A golden eye (shapeshifter) (Depths:1)
  45 yaks
  6 hogs (Swamp:3)
  5 basilisks
  3 fire elementals
  4 chaos spawn
  4 fire bats (Depths:1)
  A spectral fire crab (Gauntlet)
  A steam dragon (D:13)
  2 neqoxecs (Abyss:3)
  16 humans (D:14)
  14 vampire mosquitoes
  A swamp worm (shapeshifter) (Vaults:5)
  A spectral cane toad (Gauntlet)
  A soldier ant (D:13)
  3 acid dragons
  3 wargs
  A soldier ant (shapeshifter) (D:13)
  18 swamp worms
  A spatial vortex (Abyss:5)
  10 water moccasins
  9 hell hounds
  2 floating eyes (Depths:1)
  A spectral torpor snail (Gauntlet)
  4 sky beasts
  2 ice beasts
  10 swamp drakes
  36 orc warriors
  6 black bears
  2 eyes of draining
  A necrophage (D:10)
  40 ogres
  A tengu (shapeshifter) (Vaults:2)
  7 wolves
  3 phantoms
  6 boggarts
  13 centaurs
  5 big kobolds
  16 bullfrogs
  A wyvern zombie (D:10)
  An earth elemental (Abyss:3)
  2 gnoll sergeants (D:7)
  3 human skeletons
  A water moccasin zombie (D:7)
  6 scorpions
  A hornet simulacrum (D:15)
  21 wights
  5 electric eels
  A howler monkey (D:4)
  A crimson imp (Abyss:3)
  A quasit (D:7)
  A bullfrog zombie (D:9)
  6 hounds
  3 jellies (Lair:5)
  19 orc priests
  10 small abominations
  3 centaur skeletons
  An iron imp (Abyss:3)
  20 orc wizards
  Jessica (D:2)
  4 bullfrog skeletons
  4 iguanas
  Ijyb (D:3)
  2 polar bear simulacra (Lair:2)
  10 worker ants
  4 yak simulacra (Lair:2)
  2 wolf simulacra (Lair:2)
  A hound skeleton (D:11)
  Robin (D:2)
  A worker ant zombie (D:5)
  8 adders
  12 gnolls
  A shadow imp (D:8)
  12 white imps
  12 ufetubi
  4 oozes
  An adder zombie (D:10)
  An adder skeleton (D:5)
  4 worms
  A dart slug (D:2)
  4 leopard geckos
  69 orcs
  6 giant cockroaches
  17 goblins
  8 hobgoblins
  7 jackals
  6 quokkas
  6 bats
  6 frilled lizards
  16 kobolds
  A leopard gecko skeleton (D:8)
  4 rats (D:3)
  3 river rat simulacra (Lair:2)
  6 briar patches (Swamp:3)
  A crawling corpse (Vaults:5)
  A fungus (Lair:2)
  6 starspawn tentacles (Abyss:5)
1853 creatures vanquished.

Vanquished Creatures (others)
  A vault guard (Vaults:5)
  A two-headed ogre (Vaults:5)
  2 hell hogs (Abyss:5)
  A spriggan berserker (Swamp:4)
  2 orb spiders
  2 yaktaurs
  A jumping spider (Spider:4)
  3 bloated husks
  2 raiju (Abyss:5)
  3 tarantellas
  A hog (Swamp:3)
  A hell hound (Abyss:5)
  A boggart (Vaults:1)
  A centaur (Depths:1)
  A small abomination (Abyss:5)
  A white imp (IceCv)
  2 ufetubi (IceCv)
  2 foxfires (Swamp:3)
  18 fungi
  2 lurking horrors (Abyss:5)
  108 plants
  3 starspawn tentacles (Abyss:5)
  14 withered plants (Gauntlet)
173 creatures vanquished.

Grand Total: 2026 creatures vanquished

Notes
Turn   | Place    | Note
-------+----------+-------------------------------------------
     0 | D:1      | Borgoz the Hill Orc Fighter began the quest for the Orb.
     0 | D:1      | Reached XP level 1. HP: 19/19 MP: 1/1
   154 | D:1      | Reached XP level 2. HP: 27/27 MP: 2/2
   158 | D:1      | Reached skill level 3 in Axes
   562 | D:1      | Reached XP level 3. HP: 32/33 MP: 3/3
   807 | D:2      | Reached skill level 1 in Dodging
   817 | D:2      | Reached XP level 4. HP: 10/40 MP: 4/4
  1098 | D:2      | Noticed Robin
  1110 | D:2      | Killed Robin
  1482 | D:2      | Found a glowing silver altar of Zin.
  1634 | D:2      | Reached skill level 4 in Axes
  1698 | D:2      | Found a glowing golden altar of the Shining One.
  1707 | D:2      | Found a basalt altar of Yredelemnul.
  1709 | D:2      | Noticed a profane servitor
  1804 | D:2      | Noticed Jessica
  1816 | D:2      | Killed Jessica
  1816 | D:2      | Reached XP level 5. HP: 29/47 MP: 5/5
  2215 | D:2      | Noticed an angel
  2327 | D:3      | Found a snail-covered altar of Cheibriados.
  2406 | D:3      | Noticed Ijyb
  2408 | D:3      | Paralysed by Ijyb for 2 turns
  2411 | D:3      | Paralysed by Ijyb for 3 turns
  2424 | D:3      | Killed Ijyb
  2491 | D:3      | Noticed a centaur
  2500 | D:3      | Killed a centaur
  2500 | D:3      | Reached skill level 5 in Fighting
  2500 | D:3      | Reached XP level 6. HP: 40/56 MP: 6/6
  2892 | D:4      | Found a broken altar of Ashenzari.
  3022 | D:4      | Reached skill level 5 in Axes
  3526 | D:4      | Reached skill level 5 in Armour
  3526 | D:4      | Reached XP level 7. HP: 49/61 MP: 7/7
  3925 | D:4      | Noticed Pikel
  3942 | D:4      | Killed Pikel
  3942 | D:4      | Reached skill level 6 in Axes
  3942 | D:4      | Reached XP level 8. HP: 30/71 MP: 8/8
  4252 | D:4      | Found a sacrificial altar of Ru.
  4608 | D:5      | Entered Level 5 of the Dungeon
  5243 | D:5      | Reached skill level 7 in Axes
  5660 | D:6      | Found an iron altar of Okawaru.
  5664 | D:6      | Found a shadowy altar of Dithmenos.
  5670 | D:6      | Became a worshipper of Warmaster Okawaru
  5679 | D:6      | Found a hide-covered altar of Uskayaw.
  5810 | D:6      | Found a radiant altar of Vehumet.
  6114 | D:6      | Reached XP level 9. HP: 72/79 MP: 9/9
  6258 | D:6      | Reached skill level 8 in Axes
  6269 | D:6      | Reached * piety under Okawaru
  6558 | D:7      | Found a staircase to the Ecumenical Temple.
  7030 | Temple   | Entered the Ecumenical Temple
  7564 | D:7      | Found an opulent altar of Gozag.
  7580 | D:7      | Reached skill level 5 in Dodging
  8040 | D:7      | Found a white marble altar of Elyvilon.
  8040 | D:7      | Found an ancient bone altar of Kikubaaqudgha.
  8478 | D:8      | Noticed Joseph
  8492 | D:8      | Killed Joseph
  8492 | D:8      | Reached skill level 9 in Axes
  8755 | D:8      | Noticed a two-headed ogre
  8767 | D:8      | Killed a two-headed ogre
  8767 | D:8      | Reached ** piety under Okawaru
  8767 | D:8      | Reached XP level 10. HP: 20/91 MP: 7/10
  9070 | D:8      | Reached *** piety under Okawaru
  9075 | D:8      | Reached skill level 10 in Axes
  9461 | D:8      | Noticed Maurice
  9479 | D:8      | Paralysed by something for 3 turns
  9490 | D:8      | Killed Maurice
  9614 | D:8      | Found a staircase to the Lair.
  9617 | D:8      | Reached skill level 10 in Fighting
  9746 | D:8      | Noticed Prince Ribbit
  9778 | D:8      | Killed Prince Ribbit
 10178 | D:8      | Reached **** piety under Okawaru
 10820 | D:9      | Noticed Erica
 10852 | D:9      | Killed Erica
 10852 | D:9      | Reached skill level 11 in Axes
 10852 | D:9      | Reached XP level 11. HP: 35/101 MP: 8/11
 11594 | D:9      | Noticed a two-headed ogre
 11599 | D:9      | Killed a two-headed ogre
 11944 | D:10     | Entered Level 10 of the Dungeon
 11957 | D:10     | Found a staircase to the Orcish Mines.
 11973 | D:10     | Reached ***** piety under Okawaru
 11976 | D:10     | Reached skill level 10 in Armour
 12219 | D:10     | Noticed a two-headed ogre
 12230 | D:10     | Killed a two-headed ogre
 12606 | D:10     | Found a runed translucent gate.
 12606 | D:10     | Found a runed translucent gate.
 12606 | D:10     | Found an opulent altar of Gozag.
 12606 | D:10     | Noticed an obsidian statue
 12606 | D:10     | Noticed a great orb of eyes
 12607 | D:10     | Found a runed translucent gate.
 12608 | D:10     | Noticed Joseph's ghost (novice DrFE)
 13007 | D:11     | Noticed a manticore
 13015 | D:11     | Killed a manticore
 13234 | D:11     | Noticed a cyclops
 13253 | D:11     | Killed a cyclops
 13253 | D:11     | Received a gift from Okawaru
 13253 | D:11     | Reached skill level 12 in Axes
 13278 | D:11     | Noticed a two-headed ogre
 13286 | D:11     | Killed a two-headed ogre
 13659 | D:11     | Found Hysytaj's Antique Armour Shop.
 13667 | D:11     | Bought a pair of jewelled gloves for 237 gold pieces
 13672 | D:11     | Identified the +3 pair of gloves of the Forest {rF+ Regen+
                  | Dex+2} (You bought it in a shop on level 11 of the Dungeon)
 13691 | D:11     | Identified the +3 leather armour of Courage {Harm rPois
                  | MP+9 SInv}
 13807 | D:11     | Noticed Harold
 13830 | D:11     | Killed Harold
 13830 | D:11     | Reached XP level 12. HP: 74/109 MP: 12/12
 14260 | D:11     | Noticed a boulder beetle
 14274 | D:11     | Killed a boulder beetle
 14550 | D:11     | Got the ring "Arphycadu" {+Fly}
 14561 | D:11     | Identified the ring "Arphycadu" {*Slow +Fly Int+5 Dex+4}
                  | (You found it on level 11 of the Dungeon)
 14595 | D:12     | Noticed a two-headed ogre
 14603 | D:12     | Killed a two-headed ogre
 14658 | D:12     | Noticed a five-headed hydra
 14679 | D:12     | Killed a 13-headed hydra
 14679 | D:12     | Received a gift from Okawaru
 14697 | D:12     | Identified a scroll of acquirement
 14697 | D:12     | Acquired a +1 helmet of see invisible
 14988 | D:12     | Reached skill level 13 in Axes
 15072 | D:12     | Noticed a six-headed hydra
 15078 | D:12     | Killed a two-headed hydra
 15288 | D:12     | Found a portal to a secret trove of treasure.
 15695 | D:13     | Noticed a six-headed hydra
 15702 | D:13     | Killed a two-headed hydra
 15988 | D:13     | Noticed a tengu warrior
 15997 | D:13     | Killed a tengu warrior
 15997 | D:13     | Reached XP level 13. HP: 120/120 MP: 13/13
 16326 | D:13     | Reached skill level 14 in Axes
 16459 | D:14     | Reached ****** piety under Okawaru
 16459 | D:14     | Received a gift from Okawaru
 16641 | D:14     | Found a gate to the Vaults.
 16664 | D:14     | Reached skill level 1 in Invocations
 17551 | D:15     | Entered Level 15 of the Dungeon
 17653 | D:15     | Found a staircase to the Depths.
 17653 | D:15     | Noticed a fire giant
 17670 | D:15     | Killed a fire giant
 17670 | D:15     | Received a gift from Okawaru
 17671 | D:15     | Found the +2 ratskin cloak {*Rats rPois rN+ Str-1 Int-1
                  | Dex+1}
 17830 | D:15     | Reached skill level 10 in Dodging
 17830 | D:15     | Reached XP level 14. HP: 130/130 MP: 17/17
 17864 | D:15     | Reached skill level 15 in Axes
 17912 | D:15     | Reached skill level 5 in Invocations
 18616 | D:10     | Killed Joseph's ghost
 18721 | D:11     | Bought a faintly humming plate armour for 700 gold pieces
 18721 | D:11     | Identified the +10 plate armour of Upiaskoa {rElec Regen+}
                  | (You bought it in a shop on level 11 of the Dungeon)
 18810 | Lair:1   | Entered Level 1 of the Lair of Beasts
 19494 | Lair:1   | Found a bloodstained altar of Trog.
 19771 | Lair:2   | Found a gate leading to a gauntlet.
 19792 | Gauntlet | Entered a Gauntlet
 19792 | Gauntlet | Found a transporter.
 19799 | Gauntlet | Found a runed translucent door.
 19801 | Gauntlet | Found a transporter.
 19803 | Gauntlet | Found a runed translucent door.
 19817 | Gauntlet | Found a transporter.
 19821 | Gauntlet | Found a transporter.
 19831 | Gauntlet | Found a transporter.
 19851 | Gauntlet | Found a transporter.
 19854 | Gauntlet | Found a transporter.
 19858 | Gauntlet | Found a transporter.
 19882 | Gauntlet | Noticed a reaper
 19888 | Gauntlet | Found a transporter.
 19888 | Gauntlet | Found a transporter.
 19888 | Gauntlet | Found a transporter.
 19896 | Gauntlet | Found a transporter.
 19986 | Gauntlet | Received a gift from Okawaru
 20001 | Gauntlet | Got a pair of buzzing gloves {god gift}
 20002 | Gauntlet | Identified the +0 pair of gloves of Simailec {Rampage +Fly
                  | rN+++ Str-5} (Okawaru gifted it to you in a Gauntlet)
 20019 | Gauntlet | Got a vibrating lead ring
 20020 | Gauntlet | Identified the ring of Day {rC+ Str+3} (You found it in a
                  | Gauntlet)
 20047 | Gauntlet | Got a faintly glowing bone amulet
 20055 | Gauntlet | Identified the amulet of Unowir {Inacc rPois rC- Str+8
                  | Dex+2} (You found it in a Gauntlet)
 20113 | Lair:2   | Acquired 787 gold pieces
 20150 | Lair:2   | Noticed kae's ghost (journeyman TeAE)
 20511 | Lair:2   | Found a hole to the Spider Nest.
 20828 | Lair:2   | Found a runed translucent gate.
 20828 | Lair:2   | Found a runed translucent gate.
 20828 | Lair:2   | Found a runed translucent gate.
 20986 | Lair:2   | Killed kae's ghost
 20987 | Lair:2   | Reached skill level 15 in Fighting
 20987 | Lair:2   | Reached XP level 15. HP: 137/141 MP: 12/20
 20994 | Lair:2   | Reached skill level 16 in Axes
 21513 | Lair:3   | Noticed Vias's ghost (journeyman DsWn)
 21593 | Lair:3   | Found a runed translucent gate.
 21593 | Lair:3   | Found a runed translucent gate.
 21593 | Lair:3   | Found a runed translucent gate.
 21756 | Lair:3   | Killed Vias's ghost
 22024 | Lair:4   | Found a staircase to the Swamp.
 22030 | Lair:4   | Received a gift from Okawaru
 22031 | Lair:4   | Got a smoking ring mail {god gift}
 22042 | Lair:4   | Identified the +1 ring mail of Okawaru's Benevolence {-Tele
                  | Str+3} (Okawaru gifted it to you on level 4 of the Lair of
                  | Beasts)
 22099 | Lair:4   | Found an ornate altar of the Wu Jian Council.
 22164 | Lair:4   | Learned a level 3 spell: Confusing Touch
 22167 | Lair:4   | Learned a level 2 spell: Blink
 22921 | Lair:5   | Found a staircase to the Slime Pits.
 22965 | Lair:5   | Found a frozen archway.
 22974 | IceCv    | Entered an ice cave
 23089 | IceCv    | Reached skill level 1 in Hexes
 23231 | IceCv    | Reached skill level 1 in Spellcasting
 23354 | Lair:5   | Got a polished short sword
 23364 | Lair:5   | Identified the +3 short sword of Vanity {vorpal, *Corrode
                  | rElec rPois rC++} (You found it on level 5 of the Lair of
                  | Beasts)
 24066 | Lair:6   | Entered Level 6 of the Lair of Beasts
 24162 | Lair:6   | Noticed Nessos
 24193 | Lair:6   | Killed Nessos
 24608 | Lair:6   | Received a gift from Okawaru
 24784 | Lair:6   | Identified the Reference Book on Shifting Weightlessness
 24979 | Lair:6   | Reached XP level 16. HP: 129/149 MP: 23/23
 25022 | Lair:6   | Noticed Rupert
 25036 | Lair:6   | Killed Rupert
 25047 | Lair:6   | Found a burning altar of Makhleb.
 25084 | Lair:6   | Received a gift from Okawaru
 25086 | Lair:6   | Found a gateway to Hell.
 25637 | Orc:1    | Entered Level 1 of the Orcish Mines
 25669 | Orc:1    | Reached skill level 10 in Invocations
 25832 | Orc:1    | Noticed Snorg
 25842 | Orc:1    | Killed Snorg
 25978 | Orc:2    | Entered Level 2 of the Orcish Mines
 26193 | Orc:2    | Found Cuoziunt's Distillery.
 26233 | Orc:1    | Found Zal Setu's General Store.
 26364 | Orc:2    | Reached skill level 17 in Axes
 26546 | Orc:2    | Found a staircase to the Elven Halls.
 26585 | Orc:2    | Found Lyemnit's Weapon Emporium.
 26660 | Orc:2    | Found Vewa's Antique Armour Shop.
 26757 | Orc:2    | Found Oqulentu's General Store.
 26759 | Orc:2    | Found Buoblimo's Magic Scroll Emporium.
 26767 | Orc:2    | Bought a scroll of teleportation for 36 gold pieces
 26767 | Orc:2    | Bought a scroll of blinking for 90 gold pieces
 26767 | Orc:2    | Bought a scroll of teleportation for 36 gold pieces
 26767 | Orc:2    | Bought a scroll of magic mapping for 42 gold pieces
 26767 | Orc:2    | Bought a scroll of magic mapping for 42 gold pieces
 27007 | Swamp:1  | Entered Level 1 of the Swamp
 27020 | Swamp:1  | Received a gift from Okawaru
 27083 | Swamp:1  | Got a heavily runed ring mail {god gift}
 27084 | Swamp:1  | Identified the +0 ring mail of Uxkisi {rPois rN+ rCorr}
                  | (Okawaru gifted it to you on level 1 of the Swamp)
 27238 | Swamp:1  | Acquired a +2 vorpal executioner's axe
 27437 | Swamp:1  | Noticed Frances
 27455 | Swamp:1  | Killed Frances
 27800 | Swamp:2  | Noticed Jorgrun
 27837 | Swamp:2  | Killed Jorgrun
 27837 | Swamp:2  | Reached skill level 5 in Hexes
 27968 | Swamp:2  | Reached skill level 15 in Armour
 28134 | Swamp:2  | Reached XP level 17. HP: 158/158 MP: 24/24
 28620 | Swamp:3  | Received a gift from Okawaru
 28654 | Swamp:3  | Got a smoking kite shield {god gift}
 28787 | Swamp:3  | Identified the +3 kite shield "Woyw Mott" {rC+ SInv}
                  | (Okawaru gifted it to you on level 3 of the Swamp)
 28812 | Swamp:3  | Noticed Kirke
 28827 | Swamp:3  | Killed Kirke
 29248 | Swamp:4  | Entered Level 4 of the Swamp
 29683 | Swamp:4  | Noticed a tentacled monstrosity
 29692 | Swamp:4  | Killed a tentacled monstrosity
 29692 | Swamp:4  | Reached skill level 5 in Spellcasting
 29799 | Swamp:4  | Reached skill level 18 in Axes
 29804 | Swamp:4  | Got a decaying rune of Zot
 30821 | Orc:2    | Bought a faintly humming crystal plate armour for 2380 gold
                  | pieces
 30831 | Orc:2    | Identified the +9 crystal plate armour of the Chupacabra
                  | {rElec Stlth+} (You bought it in a shop on level 2 of the
                  | Orcish Mines)
 31038 | Spider:1 | Entered Level 1 of the Spider Nest
 31088 | Spider:1 | Received a gift from Okawaru
 31089 | Spider:1 | Got a slimy buckler {god gift}
 31174 | Spider:1 | Identified the +0 buckler of the Storm King {rCorr}
                  | (Okawaru gifted it to you on level 1 of the Spider Nest)
 31702 | Spider:1 | Noticed Agnes
 31721 | Spider:1 | Killed Agnes
 31727 | Spider:1 | Reached XP level 18. HP: 47/169 MP: 9/25
 31751 | Spider:1 | Noticed Azrael
 31766 | Spider:1 | Killed Azrael
 33131 | Spider:3 | Received a gift from Okawaru
 33637 | Spider:4 | Entered Level 4 of the Spider Nest
 33825 | Spider:3 | Received a gift from Okawaru
 33970 | Spider:4 | Reached skill level 19 in Axes
 34696 | Spider:4 | Reached XP level 19. HP: 169/179 MP: 0/26
 35054 | Spider:4 | Got a gossamer rune of Zot
 35477 | Vaults:1 | Entered Level 1 of the Vaults
 35548 | Vaults:1 | Found Juchyesk's Antique Weapon Shop.
 35577 | Vaults:1 | Reached skill level 15 in Dodging
 35719 | Vaults:1 | Received a gift from Okawaru
 35725 | Vaults:1 | Got a heavily runed scale mail {god gift}
 35726 | Vaults:1 | Identified the +3 scale mail "Ceazef" {rPois rCorr Int-3
                  | SInv} (Okawaru gifted it to you on level 1 of the Vaults)
 36547 | Vaults:1 | Paralysed by a sphinx for 2 turns
 37092 | Vaults:1 | Received a gift from Okawaru
 37122 | Vaults:1 | Got a transparent buckler {god gift}
 37123 | Vaults:1 | Identified the +3 buckler of Context {+Fly rPois rF+ Str-5}
                  | (Okawaru gifted it to you on level 1 of the Vaults)
 37727 | Vaults:2 | Found Ampaowiq's Book Shop.
 37734 | Vaults:2 | Found Linexih's Armour Shop.
 37759 | Vaults:2 | Reached XP level 20. HP: 140/189 MP: 16/27
 37800 | Vaults:2 | Found a flickering gateway to a bazaar.
 37808 | Bazaar   | Entered a bazaar
 37830 | Bazaar   | Found Veyd's Distillery.
 37845 | Bazaar   | Found Ekkel's Weapon Emporium.
 37920 | Bazaar   | Bought a potion of heal wounds for 60 gold pieces
 37920 | Bazaar   | Bought a potion of ambrosia for 96 gold pieces
 37920 | Bazaar   | Bought a potion of might for 48 gold pieces
 38006 | Vaults:2 | Reached skill level 1 in Evocations
 38050 | Vaults:2 | Reached skill level 1 in Stealth
 38054 | Vaults:2 | Reached skill level 20 in Axes
 38054 | Vaults:2 | Reached skill level 1 in Translocations
 38303 | Vaults:2 | Found a staircase to the Crypt.
 38594 | Vaults:2 | Found Ypleh's Distillery.
 38965 | Vaults:3 | Received a gift from Okawaru
 39609 | Vaults:3 | Received a gift from Okawaru
 39621 | Vaults:3 | HP: 6/191 [yaktaur/bolt[a vault warden] (14)]
 39904 | Vaults:3 | Reached XP level 21. HP: 188/198 MP: 26/28
 40221 | Vaults:3 | Received a gift from Okawaru
 40231 | Vaults:3 | Cast into level 3 of the Abyss (a lich)
 40273 | Abyss:5  | Entered Level 5 of the Abyss
 40310 | Abyss:5  | Noticed a bone dragon
 40331 | Abyss:5  | Killed a bone dragon
 40331 | Abyss:5  | Reached skill level 5 in Evocations
 40436 | Abyss:5  | Paralysed by accursed screaming for 1 turns
 40458 | Abyss:5  | Noticed a bone dragon
 40474 | Abyss:5  | HP: 5/199 [bone dragon (5)]
 40481 | Abyss:5  | HP: 4/199 [bone dragon (7)]
 40719 | Abyss:5  | Reached skill level 5 in Stealth
 40727 | Abyss:5  | Received a gift from Okawaru
 40729 | Abyss:5  | Identified the +7 tower shield "Meimuor" {Harm rElec}
 40779 | Vaults:3 | Escaped the Abyss
 40786 | Vaults:3 | Received a gift from Okawaru
 40792 | Vaults:3 | Reached skill level 5 in Translocations
 41434 | Vaults:3 | Cast into level 3 of the Abyss (a deep elf sorcerer)
 41741 | Abyss:3  | Reached skill level 21 in Axes
 41778 | Abyss:3  | Gained mutation: You are weak. (Str -2) [a neqoxec]
 41781 | Abyss:3  | Gained mutation: You occasionally shout uncontrollably at
                  | your foes. [a neqoxec]
 41843 | Abyss:3  | Reached XP level 22. HP: 96/207 MP: 5/29
 41880 | Abyss:3  | Paralysed by an orc sorcerer for 5 turns
 41948 | Vaults:3 | Escaped the Abyss
 42075 | Vaults:4 | Received a gift from Okawaru
 42219 | Vaults:4 | Found Gozag's Antique Armour Shop.
 42220 | Vaults:4 | Found an opulent altar of Gozag.
 42252 | Vaults:4 | Found Gozag's Antique Weapon Shop.
 42255 | Vaults:4 | Found Gozag's Antique Armour Boutique.
 42942 | Vaults:4 | Found Xoxygek's Antique Weapon Boutique.
 43479 | Vaults:5 | Entered Level 5 of the Vaults
 43538 | Vaults:5 | Received a gift from Okawaru
 43663 | Vaults:5 | Got a crystal war axe {god gift}
 43681 | Vaults:5 | Received a gift from Okawaru
 43759 | Vaults:5 | Reached XP level 23. HP: 166/217 MP: 18/30
 43882 | Vaults:5 | Reached skill level 22 in Axes
 43913 | Vaults:5 | Received a gift from Okawaru
 43984 | Vaults:5 | Gained mutation: Your body sometimes deteriorates upon
                  | taking damage. [a neqoxec]
 44310 | Vaults:5 | Found Bittuys's Magic Scroll Emporium.
 44557 | Vaults:5 | Found Keecker's Jewellery Shoppe.
 44626 | Vaults:5 | Got a silver rune of Zot
 44879 | Vaults:5 | Found Fiufueh's Antique Armour Shoppe.
 44879 | Vaults:5 | Found Sualut's Jewellery Shoppe.
 44897 | Vaults:5 | Reached XP level 24. HP: 193/228 MP: 16/30
 44913 | Vaults:5 | Received a gift from Okawaru
 45048 | Vaults:5 | Bought a pair of ichor-stained boots for 209 gold pieces
 45058 | Vaults:5 | Identified the +1 pair of boots "Romyhas" {rF+ rC++ Dex+2}
                  | (You bought it in a shop on level 5 of the Vaults)
 45116 | Vaults:4 | Bought a topaz-encrusted plate armour for 2800 gold pieces
 45116 | Vaults:4 | Identified the +5 plate armour of Midwinter {Rampage +Blink
                  | rF+ MP+9} (You bought it in a shop on level 4 of the
                  | Vaults)
 45117 | Vaults:4 | Identified the +1 war axe "Zozxesm" {vorpal, rPois rN+
                  | MP+9} (Okawaru gifted it to you on level 5 of the Vaults)
 45171 | Vaults:5 | Bought a jewelled chain mail for 209 gold pieces
 45171 | Vaults:5 | Identified the +5 chain mail "Buci" {MR++} (You bought it
                  | in a shop on level 5 of the Vaults)
 45438 | D:11     | Bought a steaming plate armour for 700 gold pieces
 45438 | D:11     | Identified the +3 plate armour "Iqorph" {MP+9} (You bought
                  | it in a shop on level 11 of the Dungeon)
 45893 | Vaults:5 | Bought the ring of the Mage {Wiz MR++ Int+3} for 1189 gold
                  | pieces
 45893 | Vaults:5 | Found the ring of the Mage {Wiz MR++ Int+3}
 45934 | Vaults:5 | Found Cetsill's Distillery.
 45956 | Vaults:5 | Found Icisa's Distillery.
 46849 | Crypt:1  | Entered Level 1 of the Crypt
 47162 | Depths:1 | Entered Level 1 of the Depths
 47374 | Depths:1 | Found a bloodstained altar of Trog.
 47572 | Depths:1 | Noticed Nikola
 47591 | Depths:1 | Killed Nikola
 47704 | Depths:1 | Found a transporter.
 47712 | Depths:1 | Found a transporter.
 47826 | Depths:1 | Noticed Bai Suzhen
 47848 | Depths:1 | Killed Bai Suzhen
 48267 | Depths:1 | Paralysed by a floating eye for 2 turns
 48276 | Depths:1 | Paralysed by a floating eye for 4 turns
 48279 | Depths:1 | Gained mutation: Scrolls take you a little longer to read.
                  | [a shining eye]
 48281 | Depths:1 | Reached skill level 23 in Axes
 48281 | Depths:1 | Gained mutation: You do not regenerate when monsters are
                  | visible. [a shining eye]
 48400 | Depths:1 | Got a heavily runed steel ring
 48883 | Slime:1  | Entered Level 1 of the Pits of Slime
 48914 | Lair:5   | HP: 8/229 [acid (4)]
 48915 | Lair:5   | Splashed by an acid blob's acid

Illustrated notes

Levels and vault maps discovered:
D:1:      saegor_arrival_simple_d, layout_loops_cross, minivault_19
D:2:      layout_basic, grunt_temple_overflow_holy_war, lemuel_round_altar,
          uniq_jessica, uniq_robin
D:3:      layout_basic, cheibriados_altar_1, uniq_ijyb
D:4:      layout_layer_cave, overflow_temple_1_default,
          nicolae_ru_the_path_less_chosen, minmay_puff, uniq_pikel
D:5:      layout_cave_pools
D:6:      layout_loops_ring, minmay_overflow_temple_star_quad, vehumet_crystals
D:7:      layout_loops_ring, lemuel_crystal_altar,
          gammafunk_temple_overflow_pools, minmay_temple_entry_stoned_glass
D:8:      layout_cave_pods, minmay_lair_entry_grove, grunt_ministairs_5,
          uniq_joseph, uniq_prince_ribbit1, uniq_maurice
D:9:      layout_loops_ring, uniq_erica
D:10:     layout_basic, david_orc_3, ebering_ghost_gozag
D:11:     statuecave_lemuel, layout_small_grid, serial_shops,
          nicolae_shop_overgrown_old_shop, kennysheep_generic_room_14,
          uniq_harold
D:12:     minmay_slanted_spiral_squares, layout_loops_ring,
          nicolae_trove_entry_diagonal
D:13:     layout_cave_pods
D:14:     layout_cave_pods, david_vaults_3, serial_park_tiny_1
D:15:     grunt_enter_depths_giant_problem, layout_small_grid,
          hangedman_abyss_or_decor_slice
Temple:   chequers_temple_sunken
Lair:1:   layout_cellular_growth, lemuel_centaur_altar,
          infiniplex_staircase_pool_2, grunt_megastairs_4
Lair:2:   layout_loops_ring, spider_nest_entry_funnel_web,
          maelrawn_ghost_gauntlet_escape, gauntlet_entry_generic,
          eino_house_with_fridge, serial_bayou_shore_a
Lair:3:   layout_cave_shapes, maelrawn_ghost_gauntlet_escape
Lair:4:   wad_woods_stonehenge, layout_cave_pods, swamp_mist
Lair:5:   layout_roguey, nicolae_slime_entry_slimehenge,
          portal_ice_cave_entry_pillars_1
Lair:6:   evil_forest, layout_regular_city, minmay_lair_oklob_chamber,
          serial_bayou_shore_b, uniq_nessos, uniq_rupert
Swamp:1:  layout_basic_swamp, hangedman_swamp_lotus, swamp_pool1, uniq_frances
Swamp:2:  layout_basic_swamp, serial_swamp_ruin, evilmike_swamp_ruin_house_1,
          evilmike_swamp_ruin_house_2, evilmike_swamp_ruin_rubble_1,
          uniq_jorgrun
Swamp:3:  layout_basic_swamp, evilmike_swamp_ruin_wall, swamp_pool1, uniq_kirke
Swamp:4:  swamp_basic_johnstein, layout_basic_swamp, swamp_pool5,
          nicolae_swamp_feature_on_the_river_bank
Spider:1: nicolae_spider_corner, hangedman_spider_tarantella_strand,
          uniq_azrael, uniq_agnes
Spider:2: layout_spider_delve
Spider:3: layout_spider_delve, drop_trap, guppyfry_spider_mini_2
Spider:4: grunt_spider_rune_circles
Slime:1:  layout_caves
Orc:1:    layout_diamond_mine, serial_shops, shop, uniq_snorg
Orc:2:    st_orc_elflike, layout_caves, serial_shops, nicolae_shop_crystal
Vaults:1: vaults_mumra_lcd, v_misc_25, nicolae_vaults_good_morning_starshine,
          v_misc_32, nicolae_vaults_what_the_h, ontoclasm_vaults_gateway,
          hangedman_vaults_restitches, v_misc_3, layout_vaults_omnigrid,
          serial_shops, shop
Vaults:2: minmay_crypt_entry_simple_corners, vaults_mumra_hexcomb,
          vaults_room_door_hall, ontoclasm_vaults_shuriken, v_pattern_5,
          ontoclasm_vaults_chip, ontoclasm_vaults_shout, layout_vaults_big_room,
          serial_shops, bzr_entry_safe, nicolae_shop_behind_doors, shop,
          nicolae_shop_behind_doors
Vaults:3: v_rooms_1, nicolae_vaults_alarming, dpeg_vaults_monster_box,
          nicolae_vaults_arrows, ontoclasm_vaults_decontamination, st_cells,
          v_misc_1, hangedman_vaults_corner_blocks, grunt_vaults_hallway_short,
          layout_vaults_maze_bifur
Vaults:4: kennysheep_vaults_gozag_temple, ontoclasm_vaults_spin,
          hangedman_vaults_variations, ontoclasm_vaults_eye,
          nicolae_vaults_network_periphery, v_pattern_4, hangedman_vaults_locks,
          nicolae_vaults_little_squares_3, hangedman_vaults_stretched_pinwheel,
          vaults_room_semicircle, ontoclasm_vaults_twist, vaults_dpeg_ring,
          nicolae_vaults_specimen_jars, layout_vaults_omnicross, serial_shops,
          shop
Vaults:5
Crypt:1:  layout_misc_corridors, grunt_megastairs_3, uniq_frederick
Depths:1: gammafunk_jiyva_shrine, layout_gridlike, marbit_kobold_abyss_entry,
          minmay_misc_feat_cross, hell_entry, minivault_14,
          evilmike_spriggan_trog_shrine, uniq_nikola, uniq_bai_suzhen

Skill      XL: |  1  2  3  4  5  6  7  8  9 10 11 12 13 14 15 16 17 18 19 20 21 22 23 24 |
---------------+-------------------------------------------------------------------------+-----
Axes           | 3 4 5 6 7 9 11 12 13 14 15 16 17 18 19 20 21 22 23 | 23.0
Fighting       | 4 5 6 7 9 10 11 13 14 15 16 17 18 19 20 21 | 21.6
Dodging        | 1 2 3 4 5 6 7 9 10 11 12 13 14 15 16 17 18 19 | 19.5
Armour         | 4 5 6 8 9 10 12 13 14 15 16 17 18 19 20 | 20.1
Invocations    | 4 7 9 10 | 10.0
Hexes          | 3 5 |  5.0
Spellcasting   | 2 4 5 |  5.0
Evocations     | 4 5 |  5.0
Stealth        | 3 5 |  5.0
Translocations | 3 5 |  5.0
Shields        | |  3.3

Action                   |  1- 3 |  4- 6 |  7- 9 | 10-12 | 13-15 | 16-18 | 19-21 | 22-24 || total
-------------------------+-------+-------+-------+-------+-------+-------+-------+-------++-------
Melee: War axe           |    89 |   158 |   178 |       |       |       |       |       ||   425
       Mace              |       |       |    13 |       |       |       |       |       ||    13
       Battleaxe         |       |       |   132 |   490 |   789 |   817 |       |       ||  2228
       Executioner's axe |       |       |       |       |       |   468 |  1181 |   982 ||  2631
Invok: Heroism           |       |       |     2 |    11 |    10 |    13 |     9 |    11 ||    56
       Finesse           |       |       |       |       |     4 |     4 |     4 |     4 ||    16
Evoke: Wand              |       |       |       |    10 |       |     8 |       |     4 ||    22
  Use: Potion            |       |     1 |       |     4 |     3 |     7 |     7 |       ||    22
       Scroll            |       |       |       |    28 |    13 |    19 |     8 |     6 ||    74
 Stab: Paralysed         |       |       |       |     9 |       |       |       |       ||     9
       Invisible         |       |       |       |       |     3 |       |       |       ||     3
       Petrified         |       |       |       |       |     3 |       |       |       ||     3
       Petrifying        |       |       |       |       |     1 |       |       |       ||     1
       Confused          |       |       |       |       |       |     1 |       |       ||     1
       Distracted        |       |       |       |       |       |       |     1 |     2 ||     3
Armor: Scale mail        |    58 |    21 |       |       |       |       |       |       ||    79
       Chain mail        |       |    50 |   190 |   226 |       |       |       |       ||   466
       Crystal plate arm |       |       |       |   157 |    17 |       |       |       ||   174
       Ring mail         |       |       |       |       |   108 |       |       |       ||   108
       Plate armour      |       |       |       |       |   387 |  1458 |   806 |   925 ||  3576
Dodge: Dodged            |    37 |    45 |   149 |   353 |   512 |  1418 |   978 |  1081 ||  4573
Block: Kite shield       |    50 |    84 |    84 |       |       |       |       |       ||   218

Table legend: (Time is in decaauts)
 A = Elapsed time spent in this place.
 B = Non-inter-level travel time spent in this place.
 C = Inter-level travel time spent in this place.
 D = Time resting spent in this place.
 E = Time spent auto-exploring this place.
 F = Levels seen in this place.
 G = Mean time per level.
                   A        B        C        D        E       F      G
               +--------+--------+--------+--------+--------+-----+--------+
         Total |  49014 |  43508 |   5506 |   7754 |  25184 |  47 | 1042.9 |
       Dungeon |  20581 |  18106 |   2475 |   4335 |  10774 |  15 | 1372.1 |
        Temple |    213 |    186 |     27 |      0 |    185 |   1 |  213.0 |
          Lair |   7093 |   5781 |   1312 |    402 |   4083 |   6 | 1182.2 |
         Swamp |   3556 |   3436 |    120 |    428 |   2096 |   4 |  889.0 |
   Spider Nest |   4033 |   3783 |    250 |   1083 |   1521 |   4 | 1008.2 |
    Slime Pits |     23 |     23 |      0 |      0 |      0 |   1 |   23.0 |
  Orcish Mines |   1238 |   1096 |    142 |     99 |    660 |   2 |  619.0 |
        Vaults |   9048 |   7962 |   1086 |   1025 |   4556 |   5 | 1809.6 |
         Crypt |     55 |     55 |      0 |      8 |      0 |   1 |   55.0 |
        Depths |   1346 |   1258 |     88 |     98 |    866 |   1 | 1346.0 |
         Abyss |   1004 |   1004 |      0 |    276 |     97 |   4 |  251.0 |
        Bazaar |    154 |    154 |      0 |      0 |     71 |   1 |  154.0 |
      Ice Cave |    355 |    355 |      0 |      0 |     92 |   1 |  355.0 |
      Gauntlet |    309 |    309 |      0 |      0 |    180 |   1 |  309.0 |
               +--------+--------+--------+--------+--------+-----+--------+

Top non-repeatable levels by time:
     D:8: 2471 daAuts
Vaults:3: 2110 daAuts
Vaults:1: 2096 daAuts
    D:11: 1931 daAuts
     D:9: 1826 daAuts
Vaults:5: 1799 daAuts
     D:4: 1751 daAuts
Vaults:4: 1629 daAuts
     D:7: 1589 daAuts
Spider:1: 1545 daAuts
  Lair:1: 1528 daAuts
Vaults:2: 1412 daAuts
  Lair:2: 1356 daAuts
Depths:1: 1346 daAuts
    D:10: 1337 daAuts
